 Dungeon Sprint DCSS version 0.20.1-1-g8b1a95d (webtiles) character file.

389785 Kingsmith the Swordmaster (level 20, -6/215 (216) HPs)
             Began as a Minotaur Fighter on Dec 14, 2017.
             Was a High Priest of Trog.
             Mangled by a death ooze (13 damage)
             ... created by the Royal Jelly
             ... while paralysed by a floating eye
             ... in the Dungeon (Sprint IX: "|||||||||||||||||||||||||||||").
             The game lasted 01:01:30 (8888 turns).

Kingsmith the Swordmaster (Minotaur Fighter)        Turns: 8888, Time: 01:01:31

HP:   -6/215 (216)  AC: 30    Str: 38    XL:     20   Next: 38%
MP:   0/42          EV:  2    Int:  9    God:    Trog [*****.]
Gold: 1259          SH:  0    Dex: 10    Spells: 57/57 levels left

rFire    + + .     SeeInvis +   I - +10 scimitar "Keotusm" {venom, Int+4 Dex-2}
rCold    + . .     Gourm    .   C - +3 large shield {AC+3}
rNeg     + . .     Faith    .   f - +0 gold dragon scales
rPois    +         Spirit   +   p - +2 hat of the Bear Spirit {Spirit, +Rage rN+ MR++}
rElec    .         Reflect  .   a - +0 cloak {MR+}
rCorr    .         Harm     .   D - +2 pair of gloves {Str+3}
MR       ++++.     NoTele   +   J - +2 pair of boots
Stlth    ..........             M - amulet "Jazxakeo" {Regen+ Str+7 Stlth-}
Regen    0.9/turn               B - ring of see invisible
MPRegen  0.3/turn               H - ring of protection from fire

@: paralysed, corroded
A: retaliatory headbutt, horns 2
}: 6/15 runes: decaying, serpentine, barnacled, elven, silver, gossamer
a: Berserk, Trog's Hand, Brothers in Arms, Burn Spellbooks, Renounce Religion,
Evoke Berserk Rage


You were in the Dungeon.
You worshipped Trog.
Trog was extremely pleased with you.
You were not hungry.

You visited 1 branch You collected 2001 gold pieces.
You spent 742 gold pieces at shops.

Inventory:

Hand Weapons
 c - a +6 antimagic demon blade
 r - a +3 scimitar of flaming
 s - the +7 falchion "Ogrebane" {elec, rPois rF+ MR+}
   (Trog gifted it to you in the Dungeon)

   Occasionally, upon striking a foe, it will discharge some electrical energy
   and cause terrible harm.
   It protects you from fire.
   It protects you from poison.
   It affects your resistance to hostile enchantments.
 u - a +6 double sword of holy wrath
 I - the +10 scimitar "Keotusm" (weapon) {venom, Int+4 Dex-2}
   (You found it in the Dungeon)

   It poisons the flesh of those it strikes.
   It affects your intelligence (+4).
   It affects your dexterity (-2).
 Q - a +0 flail
 T - a +0 trident
Armour
 a - a +0 cloak of magic resistance (worn)
 f - +0 gold dragon scales (worn)
 p - the +2 hat of the Bear Spirit (worn) {Spirit, +Rage rN+ MR++}
   (You found it in the Dungeon)

   It protects you from negative energy.
   It affects your resistance to hostile enchantments.
   It lets you go berserk.
 v - a +3 plate armour of cold resistance
 C - a +3 large shield of protection (worn)
 D - a +2 pair of gloves of strength (worn)
 J - a +2 pair of boots (worn)
Jewellery
 q - a +3 ring of strength
 t - a +3 ring of slaying
 B - a ring of see invisible (left hand)
 E - an uncursed ring of ice
 G - an uncursed ring of ice
 H - a ring of protection from fire (right hand)
 M - the amulet "Jazxakeo" (around neck) {Regen+ Str+7 Stlth-}
   (You found it in the Dungeon)

   [amulet of regeneration]

   It affects your strength (+7).
   It increases your rate of regeneration.
   It makes you less stealthy.
 N - a +4 ring of evasion
Wands
 n - a wand of acid (7/15)
Scrolls
 m - 5 scrolls of remove curse
 y - 4 scrolls of recharging
 F - a scroll of identify
 O - 2 scrolls of fog
 P - 2 scrolls of fear
Potions
 b - 2 potions of agility
 d - 5 potions of might
 e - 11 potions of curing
 g - a potion of invisibility
 h - 6 potions of haste
 i - 5 potions of magic
 j - 2 potions of berserk rage
 o - a potion of flight
 K - 3 potions of brilliance
 L - 2 potions of mutation
 S - a potion of lignification {unknown}
Miscellaneous
 R - a fan of gales
Comestibles
 k - 2 chunks of flesh
 w - 35 fruits
 x - 9 bread rations
 z - 11 meat rations


   Skills:
 O Level 27 Fighting
 O Level 27 Long Blades
 O Level 27 Maces & Flails
 O Level 27 Polearms
 O Level 27 Armour
 O Level 27 Dodging
 O Level 27 Shields
 O Level 27 Unarmed Combat
 - Level 19.0 Spellcasting
 + Level 5.8 Evocations


You had 57 spell levels left.
You didn't know any spells.

Dungeon Overview and Level Annotations

Branches:
Dungeon (1/1)

Altars:
Cheibriados
Dithmenos
Elyvilon
Fedhas
Gozag
Hepliaklqana
Kikubaaqudgha
Makhleb
Nemelex Xobeh
Okawaru
Qazlal
Ru
Sif Muna
Trog
Uskayaw
Vehumet
Xom
Yredelemnul
Zin
The Shining One
Beogh
Jiyva
Lugonu

Shops:
D *%*[

Annotations:
D Royal Jelly


Innate Abilities, Weirdness & Mutations

You reflexively headbutt those who attack you in melee.
You have a pair of horns on your head.


Message History

The azure jelly freezes you!! You resist.
* * * LOW HITPOINT WARNING * * *
The azure jelly hits you but does no damage. x2
The death ooze hits you.
* * * LOW HITPOINT WARNING * * *
You feel your flesh rotting away! The death ooze hits you!
* * * LOW HITPOINT WARNING * * *
The azure jelly barely misses you. The azure jelly hits you.
* * * LOW HITPOINT WARNING * * *
The azure jelly freezes you!! You resist.
* * * LOW HITPOINT WARNING * * *
The azure jelly hits you but does no damage. x2
The death ooze completely misses you.
The death ooze hits you but does no damage.
The azure jelly hits you but does no damage. x3
The azure jelly hits you.
* * * LOW HITPOINT WARNING * * *
The floating eye seems to glare at you. The death ooze hits you!
You die...

▓.▓.▓.▓.▓.▓.▓.▓.▓)
▓.▓.▓.▓.▓.▓.▓.▓.▓)
▓.▓.▓%▓.▓.▓.▓.▓.▓[
▓'▓.▓.▓.▓.▓.▓.▓.▓.
▓.▓.▓.▓.▓)▓.▓.▓.▓†
▓.▓.▓.▓.▓)▓.▓.▓.▓.
▓.▓.▓.▓.▓†▓.▓.▓.▓(
▓J▓.▓.▓.▓.▓.▓.▓.▓.
▓@▓.▓.▓.▓)▓.▓.▓.▓.
▓J▓.▓.▓.▓.▓.▓.▓.▓.
▓J▓.▓)▓.▓.▓.▓.▓.▓)
▓J▓.▓'▓.▓.▓.▓.▓.▓)
▓J▓.▓†▓.▓.▓.▓.▓.▓.
▓G▓.▓.▓.▓.▓.▓.▓.▓.
▓.▓.▓.▓.▓)▓[▓.▓.▓.
▓.▓.▓.▓.▓)▓.▓.▓.▓(
▓.▓.▓.▓)▓.▓.▓.▓(


You could see the Royal Jelly, an acid blob, an azure jelly, 2 death oozes and a
floating eye.

Vanquished Creatures
  3 ancient liches (D)
  An orb of fire (D)
  Frederick (D)
  Margery (D)
  Boris (D)
  A curse toe (D)
  Xtahua (D)
  A Killer Klown (D)
  3 golden dragons (D)
  Nikola (D)
  5 electric golems (D)
  2 tentacled monstrosities (D)
  26 Orb Guardians (D)
  A lich (D)
  A deep elf blademaster (D)
  3 acid blobs (D)
  A quicksilver dragon (D)
  2 deep elf master archers (D)
  A death cob (D)
  Frances (D)
  11 shadow dragons (D)
  Agnes (D)
  5 storm dragons (D)
  2 draconian monks (D)
  An azure jelly (D)
  Donald (D)
  Ilsuiw (D)
  2 frost giants (D)
  2 vault wardens (D)
  3 nagarajas (D)
  A fire giant (D)
  2 deep elf sorcerers (D)
  9 ghost moths (D)
  2 draconian knights (D)
  A draconian stormcaller (D)
  Louise (D)
  2 draconian annihilators (D)
  2 draconian shifters (D)
  A spriggan defender (D)
  3 emperor scorpions (D)
  3 very ugly things (D)
  2 ironheart preservers (D)
  4 stone giants (D)
  11 vampire knights (D)
  5 green draconians (D)
  A white draconian (D)
  2 deep elf demonologists (D)
  2 entropy weavers (D)
  2 deep elf annihilators (D)
  A black draconian (D)
  A purple draconian (D)
  2 yellow draconians (D)
  4 red draconians (D)
  3 deep elf death magi (D)
  An ettin (D)
  5 merfolk javelineers (D)
  Snorg (D)
  6 death oozes (D)
  5 fire dragons (D)
  A yaktaur captain (D)
  25 vault guards (D)
  4 great orbs of eyes (D)
  A rakshasa (D)
  2 deep elf high priests (D)
  A spriggan air mage (D)
  4 ice dragons (D)
  2 naga warriors (D)
  7 hydras (D)
  2 centaur warriors (D)
  5 merfolk aquamancers (D)
  7 ogre magi (D)
  An anaconda (D)
  An alligator snapping turtle (D)
  Erica (D)
  2 merfolk avatars (D)
  3 two-headed ogres (D)
  2 tengu warriors (D)
  A shock serpent (D)
  A deep elf knight (D)
  5 hell knights (D)
  Urug (D)
  A shadow wraith (D)
  A flayed ghost (D)
  A deep troll (D)
  2 spriggan druids (D)
  6 swamp dragons (D)
  A sea snake (D)
  3 orc knights (D)
  A wizard (D)
  A deep elf archer (D)
  3 ironbrand convokers (D)
  A harpy (D)
  2 necromancers (D)
  An orb spider (D)
  3 lindwurms (D)
  2 ugly things (D)
  6 wolf spiders (D)
  2 cyclopes (D)
  A manticore (D)
  2 mana vipers (D)
  9 moths of wrath (D)
  A salamander (D)
  A salamander (shapeshifter) (D)
  A vault sentinel (D)
  6 guardian serpents (D)
  A torpor snail (D)
  A black mamba (D)
  2 naga magi (D)
  A water nymph (D)
  A spiny frog (D)
  A yaktaur (D)
  A kobold demonologist (D)
  2 komodo dragons (D)
  A small abomination (D)
  A rime drake (D)
  2 jumping spiders (D)
  2 hornets (D)
  A merfolk (D)
  2 slime creatures (D)
  A dream sheep (shapeshifter) (D)
  2 hippogriffs (D)
  A dream sheep (D)
  2 tarantellas (D)
  11 spriggans (D)
  A wraith (D)
  3 redbacks (D)
  A redback (shapeshifter) (D)
  A basilisk (shapeshifter) (D)
  A water elemental (D)
  Grum (D)
  3 yaks (D)
  A basilisk (D)
  3 nagas (D)
  3 porcupines (D)
  2 water moccasins (D)
  4 swamp drakes (D)
  11 orc warriors (D)
  3 ice beasts (D)
  An eye of draining (shapeshifter) (D)
  A boggart (D)
  A centaur (D)
  7 ogres (D)
  3 wolves (D)
  4 crocodiles (D)
  A big kobold (D)
  A bullfrog (D)
  A crimson imp (D)
  3 orc priests (D)
  2 orc wizards (D)
  An ooze (D)
  5 worms (D)
  An adder simulacrum (D)
  9 orcs (D)
  3 bat skeletons (D)
  A bat zombie (D)
  A hobgoblin (D)
  2 jackals (D)
  A kobold (D)
  A quokka zombie (D)
  A rat (D)
433 creatures vanquished.

Vanquished Creatures (collateral kills)
  2 orbs of fire (D)
  An ancient lich (D)
  A shadow dragon (D)
  A fire giant (D)
  A draconian stormcaller (D)
  A stone giant (D)
  A green draconian (D)
  A merfolk javelineer (D)
  2 merfolk impalers (D)
  A fire dragon (D)
  An ettin (D)
  A rakshasa (D)
14 creatures vanquished.

Vanquished Creatures (others)
  A fire giant (D)
  A swamp drake (D)
  A crimson imp (D)
3 creatures vanquished.

Grand Total: 450 creatures vanquished

Notes
Turn   | Place    | Note
-------+----------+-------------------------------------------
     0 | D        | Kingsmith the Minotaur Fighter began the quest for the Orb.
     0 | D        | Reached XP level 1. HP: 19/19 MP: 0/0
     5 | D        | Reached skill level 5 in Fighting
    11 | D        | Reached XP level 2. HP: 23/30 MP: 1/1
    76 | D        | Noticed a centaur
    95 | D        | Killed a centaur
    95 | D        | Reached skill level 10 in Fighting
    95 | D        | Reached XP level 3. HP: 43/46 MP: 2/2
    95 | D        | Reached XP level 4. HP: 50/53 MP: 3/3
   108 | D        | Found a roughly hewn altar of Beogh.
   108 | D        | Found a snail-covered altar of Cheibriados.
   108 | D        | Found a shadowy altar of Dithmenos.
   108 | D        | Found a white marble altar of Elyvilon.
   108 | D        | Found a blossoming altar of Fedhas.
   108 | D        | Found an opulent altar of Gozag.
   109 | D        | Found a hazy altar of Hepliaklqana.
   110 | D        | Found a viscous altar of Jiyva.
   111 | D        | Found an ancient bone altar of Kikubaaqudgha.
   112 | D        | Found a corrupted altar of Lugonu.
   113 | D        | Found a burning altar of Makhleb.
   114 | D        | Found a sparkling altar of Nemelex Xobeh.
   115 | D        | Found an iron altar of Okawaru.
   116 | D        | Found a stormy altar of Qazlal.
   117 | D        | Found a sacrificial altar of Ru.
   118 | D        | Found a deep blue altar of Sif Muna.
   119 | D        | Found a bloodstained altar of Trog.
   120 | D        | Found a hide-covered altar of Uskayaw.
   121 | D        | Found a radiant altar of Vehumet.
   123 | D        | Found a shimmering altar of Xom.
   124 | D        | Found a basalt altar of Yredelemnul.
   125 | D        | Found a glowing silver altar of Zin.
   126 | D        | Found a glowing golden altar of the Shining One.
   131 | D        | Became a worshipper of Trog the Wrathful
   199 | D        | Noticed a yak
   199 | D        | Noticed a big kobold
   199 | D        | Noticed an ice beast
   199 | D        | Noticed an ice beast
   205 | D        | Killed a yak
   205 | D        | Reached XP level 5. HP: 45/60 MP: 4/4
   213 | D        | Reached XP level 6. HP: 68/68 MP: 5/5
   220 | D        | Killed an ice beast
   220 | D        | Reached * piety under Trog
   232 | D        | Killed an ice beast
   233 | D        | Reached ** piety under Trog
   240 | D        | Noticed an ice beast
   240 | D        | Noticed a yak
   240 | D        | Noticed a kobold demonologist
   245 | D        | Killed an ice beast
   245 | D        | Reached XP level 7. HP: 74/74 MP: 6/6
   254 | D        | Killed a yak
   264 | D        | Noticed a sixfirhy
   264 | D        | Killed a kobold demonologist
   264 | D        | Reached *** piety under Trog
   264 | D        | Reached skill level 10 in Dodging
   264 | D        | Reached XP level 8. HP: 82/82 MP: 7/7
   386 | D        | Noticed a hippogriff
   386 | D        | Noticed a komodo dragon
   386 | D        | Noticed a hippogriff
   394 | D        | Killed a hippogriff
   394 | D        | Reached **** piety under Trog
   397 | D        | Noticed a rime drake
   406 | D        | Noticed a komodo dragon
   408 | D        | Killed a komodo dragon
   413 | D        | Reached skill level 10 in Long Blades
   413 | D        | Reached skill level 10 in Armour
   413 | D        | Reached skill level 10 in Shields
   421 | D        | Killed a hippogriff
   421 | D        | Reached ***** piety under Trog
   424 | D        | Reached XP level 9. HP: 90/90 MP: 8/8
   430 | D        | Killed a rime drake
   434 | D        | Killed a komodo dragon
   455 | D        | Noticed a torpor snail
   466 | D        | Received a gift from Trog
   481 | D        | Killed a torpor snail
   498 | D        | Noticed a lindwurm
   501 | D        | Noticed a lindwurm
   503 | D        | Reached ****** piety under Trog
   503 | D        | Received a gift from Trog
   513 | D        | Noticed a lindwurm
   526 | D        | Killed a lindwurm
   526 | D        | Reached XP level 10. HP: 92/102 MP: 9/9
   532 | D        | Killed a lindwurm
   540 | D        | Killed a lindwurm
   681 | D        | Noticed an orc knight
   691 | D        | Received a gift from Trog
   697 | D        | Killed an orc knight
   707 | D        | Received a gift from Trog
   795 | D        | Noticed an orc knight
   813 | D        | Killed an orc knight
   839 | D        | Received a gift from Trog
  1096 | D        | Found Huisood's General Store.
  1096 | D        | Noticed a two-headed ogre
  1096 | D        | Noticed an ogre mage
  1096 | D        | Noticed an ogre mage
  1100 | D        | Killed a two-headed ogre
  1100 | D        | Reached skill level 15 in Fighting
  1100 | D        | Reached XP level 11. HP: 112/112 MP: 10/10
  1104 | D        | Killed an ogre mage
  1109 | D        | Killed an ogre mage
  1109 | D        | Received a gift from Trog
  1110 | D        | Found Geps's Food Shoppe.
  1116 | D        | Found Joce's General Store.
  1117 | D        | Noticed a two-headed ogre
  1118 | D        | Found Iri Peph's Antique Armour Shoppe.
  1120 | D        | Noticed an ogre mage
  1120 | D        | Noticed an ogre mage
  1123 | D        | Killed a two-headed ogre
  1124 | D        | Noticed a two-headed ogre
  1129 | D        | Killed an ogre mage
  1133 | D        | Killed a two-headed ogre
  1133 | D        | Received a gift from Trog
  1133 | D        | Reached skill level 15 in Long Blades
  1133 | D        | Reached skill level 15 in Armour
  1133 | D        | Reached skill level 15 in Shields
  1142 | D        | Killed an ogre mage
  1204 | D        | Bought a pair of embroidered gloves for 210 gold pieces
  1204 | D        | Bought a blackened scarf for 280 gold pieces
  1212 | D        | Bought a +3 ring of evasion for 252 gold pieces
  1239 | D        | Identified the cursed scarf of Vanatoma {rC- rN+ Str+8 Int-5} (You bought it in a shop in the Dungeon)
  1239 | D        | Lost intelligence.
  1373 | D        | Noticed Grum
  1382 | D        | Killed Grum
  1391 | D        | Noticed Erica
  1402 | D        | Killed Erica
  1402 | D        | Received a gift from Trog
  1489 | D        | Got the +10 scimitar "Keotusm" {venom, Int+4 Dex-2}
  1611 | D        | Noticed a tengu warrior
  1611 | D        | Noticed an ogre mage
  1613 | D        | Noticed an eight-headed hydra
  1617 | D        | Killed a tengu warrior
  1624 | D        | Killed an ogre mage
  1630 | D        | Noticed a tengu warrior
  1632 | D        | Noticed a lich
  1632 | D        | Killed a six-headed hydra
  1632 | D        | Reached XP level 12. HP: 105/125 MP: 9/11
  1637 | D        | Noticed a frost giant
  1640 | D        | Noticed a great orb of eyes
  1649 | D        | Killed a lich
  1649 | D        | Received a gift from Trog
  1662 | D        | Killed a frost giant
  1668 | D        | Killed a tengu warrior
  1671 | D        | Killed a great orb of eyes
  1822 | D        | Noticed an ettin
  1823 | D        | Noticed a stone giant
  1824 | D        | Noticed a fire dragon
  1832 | D        | Killed a stone giant
  1832 | D        | Received a gift from Trog
  1835 | D        | Killed an ettin
  1840 | D        | Killed a fire dragon
  1922 | D        | Noticed Urug
  1934 | D        | Killed Urug
  2030 | D        | Noticed Donald
  2046 | D        | Killed Donald
  2046 | D        | Reached skill level 15 in Dodging
  2126 | D        | Noticed a six-headed hydra
  2130 | D        | Received a gift from Trog
  2139 | D        | Reached XP level 13. HP: 111/136 MP: 10/12
  2186 | D        | Received a gift from Trog
  2233 | D        | Received a gift from Trog
  2592 | D        | Received a gift from Trog
  2597 | D        | Noticed a merfolk javelineer
  2620 | D        | Received a gift from Trog
  2632 | D        | Killed a merfolk javelineer
  2885 | D        | Noticed Frances
  2906 | D        | Killed Frances
  2984 | D        | Noticed an ettin
  2984 | D        | Noticed a fire giant
  2984 | D        | Noticed a stone giant
  2986 | D        | Noticed a stone giant
  2987 | D        | Killed an ettin
  3010 | D        | Received a gift from Trog
  3028 | D        | Killed a fire giant
  3037 | D        | Killed a stone giant
  3046 | D        | Killed a stone giant
  3048 | D        | Received a gift from Trog
  3060 | D        | Noticed a purple very ugly thing
  3071 | D        | Killed a purple very ugly thing
  3071 | D        | Reached XP level 14. HP: 61/149 MP: 7/13
  3086 | D        | Received a gift from Trog
  3110 | D        | Received a gift from Trog
  3115 | D        | Got a transparent falchion {god gift}
  3140 | D        | Identified the +3 falchion of Experimentation {drain, rN+ MR+ Str+3} (Trog gifted it to you in the Dungeon)
  3297 | D        | Noticed an ironheart preserver
  3297 | D        | Noticed a vault warden
  3308 | D        | Killed an ironheart preserver
  3311 | D        | Received a gift from Trog
  3323 | D        | Killed a vault warden
  3327 | D        | Received a gift from Trog
  3342 | D        | Received a gift from Trog
  3347 | D        | Noticed a vault warden
  3350 | D        | Noticed a fire giant
  3357 | D        | Noticed a cyan very ugly thing
  3361 | D        | Killed a vault warden
  3368 | D        | Killed a fire giant
  3382 | D        | Killed a cyan very ugly thing
  3385 | D        | Received a gift from Trog
  3416 | D        | Got a warped scimitar {god gift}
  3629 | D        | Identified the +8 scimitar "Ejuas" {vamp, rPois SInv} (Trog gifted it to you in the Dungeon)
  3730 | D        | Noticed Xtahua
  3742 | D        | Killed Xtahua
  3962 | D        | Noticed Nikola
  3977 | D        | Killed Nikola
  3977 | D        | Received a gift from Trog
  4011 | D        | Noticed Louise
  4025 | D        | Killed Louise
  4050 | D        | Noticed Ilsuiw
  4073 | D        | Killed Ilsuiw
  4077 | D        | Reached XP level 15. HP: 157/157 MP: 4/14
  4085 | D        | Received a gift from Trog
  4113 | D        | Received a gift from Trog
  4172 | D        | Got a barnacled rune of Zot
  4430 | D        | Reached skill level 27 in Long Blades
  4493 | D        | Received a gift from Trog
  4545 | D        | Received a gift from Trog
  4591 | D        | Got a decaying rune of Zot
  4618 | D        | Noticed a ghost moth
  4618 | D        | Noticed a ghost moth
  4618 | D        | Noticed a ghost moth
  4635 | D        | Received a gift from Trog
  4643 | D        | Noticed a ghost moth
  4646 | D        | Noticed a ghost moth
  4658 | D        | Killed a ghost moth
  4662 | D        | Killed a ghost moth
  4666 | D        | Killed a ghost moth
  4674 | D        | Killed a ghost moth
  4674 | D        | Received a gift from Trog
  4677 | D        | Killed a ghost moth
  4721 | D        | Noticed a ghost moth
  4723 | D        | Noticed a ghost moth
  4729 | D        | Killed a ghost moth
  4734 | D        | Killed a ghost moth
  4737 | D        | Got a gossamer rune of Zot
  4744 | D        | Noticed a nagaraja
  4746 | D        | Noticed a nagaraja
  4755 | D        | Received a gift from Trog
  4759 | D        | Killed a nagaraja
  4770 | D        | Killed a nagaraja
  4770 | D        | Received a gift from Trog
  4770 | D        | Reached skill level 27 in Fighting
  4783 | D        | Noticed a nagaraja
  4788 | D        | Received a gift from Trog
  4793 | D        | Killed a nagaraja
  4830 | D        | Got a serpentine rune of Zot
  4905 | D        | Noticed Frederick
  4918 | D        | Killed Frederick
  4997 | D        | Received a gift from Trog
  4997 | D        | Reached XP level 16. HP: 172/183 MP: 5/15
  5009 | D        | Received a gift from Trog
  5016 | D        | Got a fine falchion {god gift}
  5017 | D        | Identified the +7 falchion "Ogrebane" {elec, rPois rF+ MR+} (Trog gifted it to you in the Dungeon)
  5021 | D        | Noticed Margery
  5039 | D        | Killed Margery
  5088 | D        | Received a gift from Trog
  5124 | D        | Received a gift from Trog
  5167 | D        | Reached skill level 27 in Dodging
  5178 | D        | Received a gift from Trog
  5294 | D        | Noticed a shadow dragon
  5299 | D        | Received a gift from Trog
  5319 | D        | Noticed a storm dragon
  5320 | D        | Killed a shadow dragon
  5325 | D        | Received a gift from Trog
  5339 | D        | Killed a storm dragon
  5342 | D        | Noticed a shadow dragon
  5359 | D        | Killed a shadow dragon
  5359 | D        | Received a gift from Trog
  5364 | D        | Noticed a shadow dragon
  5385 | D        | Killed a shadow dragon
  5502 | D        | Received a gift from Trog
  5522 | D        | Noticed a shadow dragon
  5522 | D        | Noticed a shadow dragon
  5522 | D        | Noticed a shadow dragon
  5522 | D        | Noticed a shadow dragon
  5529 | D        | Noticed a shadow dragon
  5538 | D        | Killed a shadow dragon
  5570 | D        | Killed a shadow dragon
  5570 | D        | Reached skill level 27 in Shields
  5591 | D        | Killed a shadow dragon
  5591 | D        | Received a gift from Trog
  5598 | D        | Killed a shadow dragon
  5629 | D        | Killed a shadow dragon
  5629 | D        | Reached XP level 17. HP: 50/191 MP: 6/16
  5652 | D        | Received a gift from Trog
  5660 | D        | Got a silver rune of Zot
  5825 | D        | Noticed Agnes
  5831 | D        | Killed Agnes
  5874 | D        | Noticed Boris
  5885 | D        | Killed Boris
  5924 | D        | Got the amulet "Jazxakeo" {Regen+ Str+7 Stlth-}
  6026 | D        | Noticed Snorg
  6032 | D        | Killed Snorg
  6106 | D        | Received a gift from Trog
  6144 | D        | Received a gift from Trog
  6433 | D        | Noticed a golden dragon
  6455 | D        | Killed a golden dragon
  6455 | D        | Received a gift from Trog
  6455 | D        | Reached skill level 27 in Armour
  6455 | D        | Reached skill level 5 in Unarmed Combat
  6481 | D        | Reached skill level 10 in Unarmed Combat
  6485 | D        | Received a gift from Trog
  6551 | D        | Noticed a curse toe
  6558 | D        | HP: 7/191 [purple draconian stormcaller (43)]
  6648 | D        | Killed a curse toe
  6648 | D        | Reached skill level 15 in Unarmed Combat
  6658 | D        | Received a gift from Trog
  6870 | D        | Received a gift from Trog
  6911 | D        | Noticed a golden dragon
  6914 | D        | Received a gift from Trog
  6922 | D        | Killed a golden dragon
  6973 | D        | Reached XP level 18. HP: 152/200 MP: 1/17
  7092 | D        | Received a gift from Trog
  7145 | D        | Received a gift from Trog
  7236 | D        | Noticed an Orb Guardian
  7236 | D        | Noticed an Orb Guardian
  7236 | D        | Noticed an Orb Guardian
  7236 | D        | Noticed an Orb Guardian
  7236 | D        | Noticed an Orb Guardian
  7236 | D        | Noticed an Orb Guardian
  7241 | D        | Killed an Orb Guardian
  7250 | D        | Killed an Orb Guardian
  7253 | D        | Killed an Orb Guardian
  7259 | D        | Killed an Orb Guardian
  7263 | D        | Killed an Orb Guardian
  7263 | D        | Reached skill level 27 in Unarmed Combat
  7263 | D        | Reached skill level 1 in Maces & Flails
  7270 | D        | Killed an Orb Guardian
  7270 | D        | Received a gift from Trog
  7271 | D        | Got a scorched quick blade {god gift}
  7272 | D        | Identified the +6 quick blade of Defence by Offence {pierce, rN++ Stlth+} (Trog gifted it to you in the Dungeon)
  7275 | D        | Noticed an Orb Guardian
  7276 | D        | Noticed an Orb Guardian
  7289 | D        | Killed an Orb Guardian
  7295 | D        | Killed an Orb Guardian
  7298 | D        | Noticed an Orb Guardian
  7309 | D        | Killed an Orb Guardian
  7314 | D        | Noticed an Orb Guardian
  7327 | D        | Killed an Orb Guardian
  7341 | D        | Noticed a tentacled monstrosity
  7341 | D        | Noticed an Orb Guardian
  7341 | D        | Noticed an Orb Guardian
  7342 | D        | Noticed an Orb Guardian
  7345 | D        | Noticed an Orb Guardian
  7346 | D        | Reached skill level 15 in Polearms
  7353 | D        | Killed a tentacled monstrosity
  7353 | D        | Received a gift from Trog
  7359 | D        | Killed an Orb Guardian
  7360 | D        | Killed an Orb Guardian
  7379 | D        | Killed an Orb Guardian
  7385 | D        | Killed an Orb Guardian
  7460 | D        | Noticed an ancient lich
  7463 | D        | Killed an ancient lich
  7463 | D        | Received a gift from Trog
  7548 | D        | Noticed an orb of fire
  7554 | D        | Killed an orb of fire
  7737 | D        | Noticed an electric golem
  7756 | D        | Killed an electric golem
  7833 | D        | Noticed an orb of fire
  7833 | D        | Noticed an electric golem
  7833 | D        | Noticed an electric golem
  7833 | D        | Noticed an ancient lich
  7833 | D        | Noticed an electric golem
  7833 | D        | Noticed an electric golem
  7843 | D        | Killed an orb of fire
  7845 | D        | Noticed a tentacled monstrosity
  7852 | D        | Killed an ancient lich
  7852 | D        | Received a gift from Trog
  7855 | D        | Killed an electric golem
  7855 | D        | Reached skill level 27 in Polearms
  7855 | D        | Reached XP level 19. HP: 152/207 MP: 14/18
  7914 | D        | Killed an electric golem
  7914 | D        | Reached skill level 10 in Maces & Flails
  7924 | D        | Killed an electric golem
  7936 | D        | Killed an electric golem
  8143 | D        | Noticed an orb of fire
  8145 | D        | Noticed a Killer Klown
  8146 | D        | Noticed a golden dragon
  8149 | D        | Noticed an ancient lich
  8153 | D        | Killed an orb of fire
  8164 | D        | Killed a Killer Klown
  8177 | D        | Killed an ancient lich
  8184 | D        | Killed a golden dragon
  8358 | D        | Received a gift from Trog
  8379 | D        | Reached skill level 27 in Maces & Flails
  8386 | D        | Reached skill level 5 in Spellcasting
  8418 | D        | Reached skill level 10 in Spellcasting
  8567 | D        | Noticed an ancient lich
  8570 | D        | Killed an ancient lich
  8594 | D        | Reached XP level 20. HP: 216/216 MP: 36/36
  8634 | D        | Received a gift from Trog
  8687 | D        | Reached skill level 15 in Spellcasting
  8706 | D        | Received a gift from Trog
  8750 | D        | Received a gift from Trog
  8759 | D        | Got an elven rune of Zot
  8859 | D        | Noticed the Royal Jelly
  8863 | D        | Paralysed by a floating eye for 3 turns
  8870 | D        | Reached skill level 5 in Evocations
  8873 | D        | Paralysed by a floating eye for 4 turns
  8885 | D        | Paralysed by a floating eye for 4 turns
  8887 | D        | HP: 10/215 [azure jelly[the Royal Jelly] (15)]
  8888 | D        | Mangled by a death ooze

Skill      XL: |  1  2  3  4  5  6  7  8  9 10 11 12 13 14 15 16 17 18 19 20 |
---------------+-------------------------------------------------------------+-----
Fighting       | 6 10 11 12 13 15 17 18 20 27 | 27.0
Armour         | 7 8 10 12 13 16 18 20 21 27 | 27.0
Shields        | 7 8 10 12 13 16 17 20 27 | 27.0
Long Blades    | 9 10 12 13 16 17 19 25 27 | 27.0
Dodging        | 4 10 11 12 13 14 15 17 20 23 27 | 27.0
Unarmed Combat | 22 27 | 27.0
Maces & Flails | 3 27 | 27.0
Polearms       | 27 | 27.0
Spellcasting   | 13 19 | 19.0
Evocations     | 5 |  5.8

Action                   |  1- 3 |  4- 6 |  7- 9 | 10-12 | 13-15 | 16-18 | 19-21 || total
-------------------------+-------+-------+-------+-------+-------+-------+-------++-------
Melee: Long sword        |    24 |     7 |       |       |       |       |       ||    31
       Headbutt          |     2 |     9 |    28 |    83 |   165 |   251 |    98 ||   636
       Scimitar          |       |    38 |    93 |    89 |   496 |   660 |   165 ||  1541
       Falchion          |       |       |    24 |   157 |       |    16 |    26 ||   223
       Double sword      |       |       |       |     9 |    15 |    11 |    47 ||    82
       Demon blade       |       |       |       |       |    94 |    54 |    94 ||   242
Invok: Berserk           |       |       |       |     4 |     3 |     1 |     1 ||     9
       Brothers in Arms  |       |       |       |       |     3 |     8 |     4 ||    15
       Trog's Hand       |       |       |       |       |     2 |     3 |     2 ||     7
       Burn Spellbooks   |       |       |       |       |       |     2 |       ||     2
  Use: Potion            |     1 |       |       |     2 |     2 |     3 |     5 ||    13
       Scroll            |       |       |       |     3 |     9 |     6 |     3 ||    21
  Eat: Bread ration      |       |     1 |       |       |       |     2 |     1 ||     4
       Chunk             |       |       |       |     4 |    11 |     4 |       ||    19
       Fruit             |       |       |       |     4 |     1 |       |       ||     5
       Meat ration       |       |       |       |       |     1 |       |       ||     1
       Royal jelly       |       |       |       |       |       |     2 |       ||     2
Armor: Scale mail        |    12 |     8 |       |       |       |       |       ||    20
       Chain mail        |       |    20 |    25 |     4 |       |       |       ||    49
       Plate armour      |       |       |       |    29 |   146 |   108 |    40 ||   323
       Gold dragon scale |       |       |       |       |       |       |    60 ||    60
Dodge: Dodged            |    10 |     8 |    43 |    63 |   175 |   185 |   147 ||   631
Block: Shield            |    14 |    20 |    53 |    98 |   157 |       |       ||   342
       Large shield      |       |       |       |       |   323 |   642 |   369 ||  1334
       Rpst.: Long sword |     1 |       |       |       |       |       |       ||     1
       Scimitar          |       |     1 |    11 |     5 |    22 |    16 |     5 ||    60
       Falchion          |       |       |     2 |     2 |       |       |       ||     4
       Double sword      |       |       |       |     1 |       |       |     1 ||     2
       Demon blade       |       |       |       |       |     2 |       |     4 ||     6
